 Dungeon Crawl Stone Soup version 0.20.1-1-g8b1a95d (webtiles) character file.

2181 AverageBear the Slicer (level 9, -1/49 HPs)
             Began as a Deep Elf Fighter on July 25, 2017.
             Was an Initiate of Ashenzari.
             Slain by SillyWilly's ghost (19 damage)
             ... on level 6 of the Dungeon.
             The game lasted 00:07:51 (6139 turns).

AverageBear the Slicer (Deep Elf Fighter)           Turns: 6139, Time: 00:07:52

Health: -1/49      AC: 10    Str: 16    XL:     9   Next: 11%
Magic:  10/10      EV: 14    Int: 18    God:    Ashenzari [......]
Gold:   112        SH: 10    Dex: 14    Spells: 8/8 levels left

rFire    . . .     SeeInvis .   i - +6 rapier (speed)
rCold    . . .     Gourm    .   l - +2 shield
rNeg     . . .     Faith    .   v - +2 leather armour {rPois}
rPois    +         Spirit   .   d - +0 helmet
rElec    .         Reflect  .   h - +0 cloak (curse)
rCorr    .         Harm     .   A - +0 pair of gloves
MR       .....                  k - +1 pair of boots
Stlth    +.........             (no amulet)
Regen    0.2/turn               (no ring)
MPRegen  0.2/turn               (no ring)

@: very slow
A: blurry vision 1, clever 2, low mp 1
a: Curse Item, Renounce Religion


You were on level 6 of the Dungeon.
You worshipped Ashenzari.
Ashenzari was noncommittal.
You were near starving.

You visited 2 branches of the dungeon, and saw 7 of its levels.

You collected 271 gold pieces.
You spent 159 gold pieces at shops.

Inventory:

Hand Weapons
 a - a +1 rapier
 i - a +6 rapier of speed (weapon)
 F - the +9 dagger of Disintegration {drain, +Inv}
   (You found it on level 6 of the Dungeon)

   A truly terrible weapon, it drains the life of those it strikes.
   It lets you turn invisible.
Armour
 b - a +0 scale mail
 c - a +0 shield
 d - a +0 helmet (worn)
 h - a cursed +0 cloak (worn)
 k - a +1 pair of boots (worn)
 l - a +2 shield (worn)
 v - a +2 leather armour of poison resistance (worn)
 A - a +0 pair of gloves (worn)
Jewellery
 G - an uncursed ring of protection from magic
Wands
 s - a wand of flame (43/48)
 u - a wand of flame (11/48)
 w - a wand of paralysis (10/24)
Scrolls
 j - a scroll of random uselessness
 n - 2 scrolls of identify
 q - 4 scrolls of remove curse
 r - a scroll of magic mapping
 t - 2 scrolls of recharging
 z - a scroll of vulnerability
Potions
 e - 3 potions of flight
 g - 2 potions of brilliance
 C - a potion of cancellation
Books
 x - a book of Minor Magic

   Spells                             Type                      Level
   a - Magic Dart                     Conjuration                  1
   b - Blink                          Translocation                2
   c - Call Imp                       Summoning                    2
   d - Slow                           Hexes                        2
   e - Conjure Flame                  Conjuration/Fire             3
   f - Mephitic Cloud                 Conjuration/Poison/Air       3
Comestibles
 f - 5 bread rations
 m - 3 meat rations
 p - 3 royal jellies
 D - 2 fruits


   Skills:
 - Level 2.4 Fighting
 - Level 10.0 Short Blades
 - Level 2.4 Armour
 + Level 8.2 Dodging
 - Level 2.4 Shields


You had 8 spell levels left.
You didn't know any spells.

Dungeon Overview and Level Annotations

Branches:
Dungeon (6/15)             Temple (1/1) D:6

Altars:
Ashenzari
Cheibriados
Dithmenos
Fedhas
Gozag
Hepliaklqana
Nemelex Xobeh
Okawaru
Qazlal
Ru
Sif Muna
Trog
Uskayaw
Vehumet
Xom
Yredelemnul
Zin
The Shining One
Lugonu

Shops:
D:5 *   D:6 (

Portals:
Sewer: D:6

Annotations:
D:6 SillyWilly's ghost, novice MiFi


Innate Abilities, Weirdness & Mutations

Scrolls take you a little longer to read.
Your mind is very acute. (Int +4)
Your magical capacity is low. (-10% MP)


Message History

A sky beast appears from thin air!
Reactivating autopickup.
SillyWilly's ghost says, "They'll have to sweep you off the floor after I'm finished with you!"
The sky beast flickers out of sight!
Deactivating autopickup; reactivate with Ctrl-A.
A sky beast appears from thin air!
Reactivating autopickup.
Things that are here:
an uncursed dagger; an uncursed robe; an orc corpse
Things that are here:
an uncursed short sword; an orc corpse
Items here: ! )) [[ † A worm comes into view.
Found a glowing drain.
You hear the quick rusting of a drain.
The worm bites you!
You enter the shallow water.
Moving in this stuff is going to be slow.
SillyWilly's ghost hits you!!
You die...

#.#######'#######
#.# #.#######
###.##### #........
#.......#*#########
###...#.#..#
##≈.....#*,#*
##≈≈Yw..#*,,*
###≈W#...#*,*
#≈@#...#*,**
#≈≈#...#*,,*
#≈≈##....,,*
*#≈≈∩*###..,**
*.≈≈≈≈≈≈≈..,,*
#.≈≈≈≈≈≈≈≈,,,*
#..≈##***≈≈***
##### **** ****


You could see a sky beast, a worm and SillyWilly's ghost.

Vanquished Creatures
  Grinder (D:3)
  Sigmund (D:2)
  Eustachio (D:4)
  Menkaure (D:4)
  Edmund (D:4)
  2 ice beasts (D:6)
  A phantom (D:6)
  An orc warrior (D:6)
  An ogre (D:5)
  3 centaurs
  Blork the orc (D:4)
  A bullfrog zombie (D:5)
  A crimson imp (D:5)
  A centaur zombie (D:6)
  3 orc priests (D:6)
  2 hounds
  A jelly (D:5)
  2 orc wizards
  Crazy Yiuf (D:2)
  Jessica (D:2)
  Ijyb (D:4)
  5 worker ants
  Robin (D:2)
  A worker ant zombie (D:6)
  8 adders
  2 oozes
  An adder skeleton (D:4)
  3 worms
  A leopard gecko (D:2)
  6 orcs
  A ball python (D:6)
  6 bats
  6 giant cockroaches
  15 goblins
  10 hobgoblins
  6 jackals (D:4)
  4 quokkas
  7 frilled lizards
  8 kobolds
  3 rats
122 creatures vanquished.

Notes
Turn   | Place    | Note
-------+----------+-------------------------------------------
     0 | D:1      | AverageBear the Deep Elf Fighter began the quest for the Orb.
     0 | D:1      | Reached XP level 1. HP: 13/13 MP: 3/3
    38 | D:1      | Found a glowing golden altar of the Shining One.
   233 | D:1      | Reached XP level 2. HP: 18/18 MP: 4/4
   241 | D:1      | Reached skill level 3 in Short Blades
   860 | D:2      | Found a bloodstained altar of Trog.
   860 | D:2      | Found a radiant altar of Vehumet.
   860 | D:2      | Found an iron altar of Okawaru.
   867 | D:2      | Reached XP level 3. HP: 22/22 MP: 5/5
   904 | D:2      | Found a hazy altar of Hepliaklqana.
   908 | D:2      | Found a snail-covered altar of Cheibriados.
   940 | D:2      | Noticed Sigmund
   948 | D:2      | Killed Sigmund
   948 | D:2      | Reached skill level 5 in Short Blades
   948 | D:2      | Reached XP level 4. HP: 7/27 MP: 6/6
   948 | D:2      | Reached XP level 5. HP: 8/31 MP: 7/7
  1329 | D:2      | Found a blossoming altar of Fedhas.
  1387 | D:2      | Noticed Jessica
  1393 | D:2      | Killed Jessica
  1393 | D:2      | Reached skill level 6 in Short Blades
  1449 | D:2      | Noticed Robin
  1471 | D:2      | Killed Robin
  1549 | D:2      | Reached XP level 6. HP: 23/36 MP: 8/8
  1719 | D:2      | Found a sacrificial altar of Ru.
  1721 | D:2      | Found a stormy altar of Qazlal.
  1819 | D:2      | Found a runed door.
  2093 | D:2      | Noticed Crazy Yiuf
  2110 | D:2      | Killed Crazy Yiuf
  3181 | D:3      | Noticed Grinder
  3183 | D:3      | Paralysed by Grinder for 3 turns
  3186 | D:3      | Gained mutation: Your magical capacity is low. (-10% MP) [potion of mutation]
  3186 | D:3      | Gained mutation: Your mind is acute. (Int +2) [potion of mutation]
  3186 | D:3      | Gained mutation: Scrolls take you a little longer to read. [potion of mutation]
  3186 | D:3      | Gained mutation: Your mind is very acute. (Int +4) [potion of mutation]
  3216 | D:3      | Killed Grinder
  3216 | D:3      | Reached skill level 7 in Short Blades
  3216 | D:3      | Reached XP level 7. HP: 3/40 MP: 8/8
  3811 | D:4      | Noticed Eustachio
  3901 | D:4      | Killed Eustachio
  3901 | D:4      | Reached skill level 8 in Short Blades
  4217 | D:4      | Noticed Blork the orc
  4218 | D:4      | Noticed Menkaure
  4223 | D:4      | Killed Menkaure
  4223 | D:4      | Reached skill level 9 in Short Blades
  4231 | D:4      | Killed Blork the orc
  4340 | D:4      | Found a shadowy altar of Dithmenos.
  4340 | D:4      | Noticed Edmund
  4349 | D:4      | Killed Edmund
  4349 | D:4      | Reached XP level 8. HP: 22/45 MP: 9/9
  4668 | D:4      | Noticed Ijyb
  4673 | D:4      | Paralysed by Ijyb for 3 turns
  4684 | D:4      | Killed Ijyb
  4849 | D:5      | Entered Level 5 of the Dungeon
  4896 | D:5      | Reached skill level 10 in Short Blades
  5242 | D:5      | Found Acith's General Store.
  5367 | D:5      | Bought a scroll of magic mapping for 38 gold pieces
  5367 | D:5      | Bought a potion of cancellation for 88 gold pieces
  5367 | D:5      | Bought a scroll of remove curse for 33 gold pieces
  5411 | D:5      | Found a hide-covered altar of Uskayaw.
  5537 | D:5      | Reached skill level 5 in Dodging
  5702 | D:6      | Found Ure Peth's Antique Weapon Emporium.
  5729 | D:6      | Found a staircase to the Ecumenical Temple.
  5761 | Temple   | Entered the Ecumenical Temple
  5778 | Temple   | Became a worshipper of Ashenzari the Shackled
  5797 | D:6      | Found a shimmering altar of Xom.
  5926 | D:6      | Got the dagger of Disintegration {drain, +Inv}
  5993 | D:6      | Noticed SillyWilly's ghost (novice MiFi)
  6001 | D:6      | Reached XP level 9. HP: 39/49 MP: 10/10
  6135 | D:6      | Found a glowing drain.
  6139 | D:6      | Slain by SillyWilly's ghost

Skill      XL: |  1  2  3  4  5  6  7  8  9 |
---------------+----------------------------+-----
Short Blades   | 3 5 6 7 9 10 | 10.0
Dodging        | 7 8 |  8.2
Fighting       | |  2.4
Armour         | |  2.4
Shields        | |  2.4

Action                   |  1- 3 |  4- 6 |  7- 9 || total
-------------------------+-------+-------+-------++-------
Melee: Rapier            |    75 |   212 |   313 ||   600
  Use: Potion            |     1 |     5 |     9 ||    15
       Scroll            |       |     6 |     9 ||    15
 Stab: Sleeping          |       |       |     1 ||     1
  Eat: Chunk             |       |     7 |     8 ||    15
Armor: Scale mail        |    26 |    85 |    71 ||   182
       Leather armour    |       |       |    31 ||    31
Dodge: Dodged            |    18 |    58 |    71 ||   147
Block: Shield            |    32 |    99 |   147 ||   278
